 Dungeon Crawl Stone Soup version 0.28-a0-906-g0406aca7d3 (webtiles) character file.

Game seed: 14019721509198212582

55 timneilson the Shield-Bearer (level 3, 0/23 HPs)
             Began as a Gargoyle Fighter on Nov 23, 2021.
             Slain by a gnoll (5 damage)
             ... on level 2 of the Dungeon.
             The game lasted 00:01:34 (1349 turns).

timneilson the Shield-Bearer (Gargoyle Fighter)     Turns: 1349, Time: 00:01:35

Health: 0/23       AC: 10    Str: 20    XL:     3   Next: 93%
Magic:  0/3        EV:  9    Int:  8    God:
Gold:   21         SH:  4    Dex:  9    Spells: 2/2 levels left

rFire   . . .      SeeInvis .   a - +0 long sword
rCold   . . .      Faith    .   c - +0 buckler
rNeg    + . .      Spirit   +   b - +0 scale mail
rPois   ∞          Reflect  .   (no helmet)
rElec   +          Harm     .   (no cloak)
rCorr   .          Rampage  .   (no gloves)
Will    .....                   (no boots)
Stlth   ..........              f - amulet of guardian spirit
HPRegen 0.07/turn               (no ring)
MPRegen 0.08/turn               (no ring)

@: no status effects
A: sickness immunity, AC +3, negative energy resistance 1, electricity
resistance, torment resistance 1, petrification resistance
a: no special abilities


You were on level 2 of the Dungeon.
You visited 1 branch of the dungeon, and saw 2 of its levels.

You collected 21 gold pieces.

Inventory:

Hand Weapons
 a - a +0 long sword (weapon)
Armour
 b - a +0 scale mail (worn)
 c - a +0 buckler (worn)
Jewellery
 f - an amulet of guardian spirit (around neck)
Potions
 d - a potion of might
 e - a potion of lignification {unknown}


   Skills:
 + Level 3.5 Fighting
 * Level 2.3 Long Blades
 * Level 3.8 Armour
 + Level 0.6 Dodging
 * Level 3.9 Shields


You had 2 spell levels left.
You didn't know any spells.
Your spell library contained the following spells:

 Spells                   Type           Power      Damage    Failure   Level
 Animate Skeleton         Necr           0%         N/A       77%         1
 Apportation              Tloc           0%         N/A       77%         1
 Summon Small Mammal      Summ           0%         N/A       77%         1


Dungeon Overview and Level Annotations

Branches:
Dungeon (2/15)

Altars:


Innate Abilities, Weirdness & Mutations

You are immune to sickness and miasma.
Your stone body is resilient. (AC +3)
You are immune to poison.
You resist negative energy. (rN+)
You are resistant to electric shocks. (rElec)
You are resistant to unholy torment.
You are immune to petrification.


Message History

The gnoll is severely wounded.
The gnoll barely misses you.
You closely miss the gnoll. The gnoll hits you with a +0 flail.
A worm comes into view.
You are too injured to fight recklessly!
You are too injured to fight recklessly!
You are too injured to fight recklessly!
You are too injured to fight recklessly!
You are too injured to fight recklessly!
You are too injured to fight recklessly!
Unknown command.
You hit the gnoll but do no damage. The gnoll hits you but does no damage.
You slash the gnoll!
The gnoll is almost dead.
The gnoll hits you but does no damage.
You closely miss the gnoll.
The gnoll is almost dead.
The gnoll hits you but does no damage. The gnoll misses you.
You hit the gnoll.
The gnoll is almost dead.
The gnoll hits you with a +0 flail.
You barely miss the gnoll.
The gnoll is almost dead.
The gnoll barely misses you.
You hit the gnoll.
You kill the gnoll!
The gnoll hits you but does no damage.
You slash the gnoll!
The gnoll is almost dead.
The gnoll hits you but does no damage.
You barely miss the gnoll.
The gnoll is almost dead.
The gnoll hits you with a +0 flail.
* * * LOW HITPOINT WARNING * * *
You slash the gnoll!
You kill the gnoll!
You closely miss the gnoll.
The gnoll is severely wounded.
The gnoll hits you with a +0 flail.
You die...

#.#..######
#..........
###..#####
#.)########
#..........
#.######### #.# #
#.#############.#>.
#......@gw........#
###########...#...
#...# #...# #...#
#.... #.....
#.....# ...w..#


You could see a worm and a gnoll.

Vanquished Creatures
  2 gnolls (D:2)
  3 endoplasms
  2 giant cockroaches
  3 goblins (D:1)
  2 hobgoblins (D:1)
  2 jackals (D:1)
  3 ball pythons (D:1)
  4 bats (D:1)
  6 kobolds
  7 rats (D:1)
34 creatures vanquished.

Vanquished Creatures (others)
  3 fungi (D:1)
  2 plants (D:1)
5 creatures vanquished.

Grand Total: 39 creatures vanquished

Notes
Turn   | Place    | Note
-------+----------+-------------------------------------------
     0 | D:1      | timneilson the Gargoyle Fighter began the quest for the
                  | Orb.
     0 | D:1      | Reached XP level 1. HP: 14/14 MP: 1/1
   256 | D:1      | Found a faded altar of an unknown god.
   302 | D:1      | Reached XP level 2. HP: 12/19 MP: 2/2
   755 | D:1      | Reached XP level 3. HP: 23/23 MP: 3/3
  1349 | D:2      | Slain by a gnoll

Illustrated notes

Levels and vault maps discovered:
D:1:      dpeg_arrival_shelter, layout_basic, shapermc_ecumenical_altar_gd
D:2:      layout_basic

Skill      XL: |  1 |
---------------+----+-----
Long Blades    | 2 |  2.3
Fighting       | |  3.5
Armour         | |  3.8
Dodging        | |  0.6
Shields        | |  3.9

Action                   || total
-------------------------++-------
Melee: Long sword        ||   101
  Use: Scroll            ||     1
Armor: Scale mail        ||    60
Dodge: Dodged            ||    52
Block: Buckler           ||    22

Table legend: (Time is in decaauts)
 A = Elapsed time spent in this place.
 B = Non-inter-level travel time spent in this place.
 C = Inter-level travel time spent in this place.
 D = Time resting spent in this place.
 E = Time spent auto-exploring this place.
 F = Levels seen in this place.
 G = Mean time per level.
                   A        B        C        D        E       F      G
               +--------+--------+--------+--------+--------+-----+--------+
         Total |   1380 |   1329 |     51 |      4 |   1075 |   2 |  690.0 |
       Dungeon |   1380 |   1329 |     51 |      4 |   1075 |   2 |  690.0 |
               +--------+--------+--------+--------+--------+-----+--------+

Top non-repeatable levels by time:
     D:1: 1250 daAuts
     D:2: 129 daAuts
